 Dungeon Crawl Stone Soup version 0.17.1-1-g73c8601 (webtiles) character file.

207 slowhare the Sneak (level 5, -4/28 HPs)
             Began as a Vine Stalker Assassin on Mar 28, 2016.
             Killed by divine providence
             ... invoked by an orc priest
              (7 damage)
             ... on level 4 of the Dungeon on Mar 31, 2016.
             The game lasted 00:29:26 (2609 turns).

slowhare the Sneak (Vine Stalker Assassin)          Turns: 2609, Time: 00:29:26

Health: -4/28      AC:  6    Str: 13    XL:     5   Next: 85%
Magic:  0/6        EV: 10    Int: 11    God:
Gold:   103        SH:  0    Dex: 17    Spells: 0 memorised, 4 levels left

rFire  . . .     SeeInvis .     a - +2 dagger
rCold  . . .     Clarity  .     j - +0 ring mail
rNeg   . . .     SustAt   .     (no shield)
rPois  .         Gourm    .     (no helmet)
rElec  .         Spirit   +     d - +0 cloak
rCorr  .         Warding  .     (no gloves)
rMut   .         Stasis   .     (no boots)
MR     .....                    (no amulet)
Stlth  ++........               (no ring)
                                (no ring)

@: not resistant to hostile enchantments, unstealthy
A: fangs 2, regeneration 1, magic shield, antimagic bite, no device heal 3, rot
immunity
a: no special abilities


You were on level 4 of the Dungeon.
You were not hungry.

You visited 1 branch of the dungeon, and saw 4 of its levels.

You collected 103 gold pieces.

Inventory:

Hand Weapons
 a - a +2 dagger (weapon)
 b - a +0 blowgun
 l - a +0 club
 n - a +0 club
 q - a +0 club
 r - a +0 short sword
 z - a +0 club
Missiles
 e - 8 poisoned needles
 f - 2 curare-tipped needles
Armour
 d - a +0 cloak (worn)
 j - a +0 ring mail (worn)
Jewellery
 x - an uncursed ring of ice
Scrolls
 c - a scroll of fog {unknown}
 m - 5 scrolls of magic mapping {unknown}
 p - a scroll of teleportation {unknown}
 s - 2 scrolls of identify {unknown}
 w - a scroll of blinking {unknown}
 y - a scroll of fear {unknown}
 A - a scroll of enchant weapon {unknown}
Potions
 i - a potion of heal wounds {unknown}
 k - a potion of beneficial mutation {unknown}
 o - a potion of ambrosia {unknown}
 t - a potion of haste {unknown}
 u - a potion of curing
 v - 3 potions of might {unknown}
 B - a potion of berserk rage {unknown}
 D - a potion of degeneration {unknown}
 E - a potion of brilliance {unknown}
Comestibles
 g - 5 bread rations
 h - 4 meat rations
 C - a beef jerky
 F - 3 chunks of flesh


   Skills:
 + Level 3.2 Fighting
 + Level 3.4 Short Blades
 - Level 1.7 Throwing
 + Level 2.3 Armour
 - Level 0.7 Dodging
 - Level 4.8 Stealth


You had 4 spell levels left.
You didn't know any spells.

Dungeon Overview and Level Annotations

Branches:
Dungeon (4/15)
 Temple: D:4-7

Altars:
Dithmenos
Elyvilon
Okawaru
Vehumet


Innate Abilities, Weirdness & Mutations

You have extremely sharp teeth.
Your natural rate of healing is unusually fast.
When hurt, damage is shared between your health and your magic reserves.
Your bite disrupts and absorbs the magic of your enemies.
Potions and wands cannot restore your health.
You are immune to rotting.


Message History

The orc priest is moderately wounded.
The orc hits you with a war axe.
* * * LOW HITPOINT WARNING * * *
The orc priest invokes the aid of Beogh against you.
You struggle to resist.
There is an open door, spattered with blood here.
The orc barely misses you.
You see here a stone.
You hit the orc priest. Your bite misses the orc priest.
The orc priest is heavily wounded.
The orc priest barely misses you.
You closely miss the orc priest.
The orc priest is heavily wounded.
The orc closely misses you.
You closely miss the orc priest. You bite the orc priest. You drain its power.
You feel invigorated.
The orc priest is heavily wounded.
The orc priest mumbles some strange prayers to Beogh against you.
Something smites you!
You die...

....#.....# #..#
.....#....# #..#
.....#....# #..#
..#.......#+##..+ ....
..##...#(.......# ...#
.# ##.##........##
#..## . #. ##)####...#
#...####. ..
#)#..#.⌠.# #........
... #.#..#..@#
.#........ ...
#.##'##oo#'##........
..#(..'.)).....<...o.
#..#...#....PP...##..o
...#...#..####..##
....#####..# #...#
.##.# #...# +.#.# #.
#.# +P..# #.##.# #....
... ...


You could see an orc priest and an orc.

Vanquished Creatures
  A centaur zombie (D:3)
  An orc wizard (D:3)
  6 adders
  A shadow imp (D:3)
  A worm (D:2)
  6 orcs
  7 bats
  4 giant cockroaches
  7 goblins
  7 hobgoblins
  2 ball pythons
  A giant gecko (D:1)
  A giant newt (D:1)
  12 jackals
  12 kobolds
  8 rats
77 creatures vanquished.

Notes
Turn   | Place    | Note
--------------------------------------------------------------
     0 | D:1      | slowhare the Vine Stalker Assassin began the quest for the Orb.
     0 | D:1      | Reached XP level 1. HP: 11/11 MP: 2/2
   157 | D:1      | Reached XP level 2. HP: 12/15 MP: 3/3
   672 | D:1      | Reached XP level 3. HP: 16/19 MP: 4/4
  1185 | D:2      | Found a shadowy altar of Dithmenos.
  1229 | D:2      | Found an iron altar of Okawaru.
  1416 | D:2      | Reached skill level 1 in Armour
  1416 | D:2      | Reached XP level 4. HP: 23/23 MP: 5/5
  1728 | D:3      | Found a white marble altar of Elyvilon.
  1777 | D:3      | Found a radiant altar of Vehumet.
  1992 | D:3      | Reached XP level 5. HP: 15/28 MP: 6/6
  2609 | D:4      | Killed from afar by an orc priest

Action                   |  1- 3 |  4- 6 || total
-------------------------+-------+-------++-------
Melee: Dagger            |   118 |   134 ||   252
 Stab: Sleeping          |     6 |     4 ||    10
  Eat: Chunk             |     1 |     5 ||     6
